PAAA
PHOENIX HOTSPUR RESERVES @ BAKERSFIELD NOBLES
07/29/2022
 
TOP OF THE 1ST
Phoenix Hotspur Reserves batting - Pitching for Bakersfield Nobles : LHP Addie Samson
Pitching: LHP Addie Samson
Batting: RHB Gabriel Pérez 0-0: Called Strike
0-1: TRIPLE (Groundball, 3L)
Batting: RHB Ben Anderson 0-0: Foul Ball, location: 2F
0-1: Ball
1-1: Foul Ball, location: 2F
1-2: Ground out 6-3 (Groundball, 6)
Gabriel Pérez scores
Batting: RHB Jorge Gonzáles 0-0: SINGLE (Groundball, 6MD)
Batting: RHB Martín Martínez 0-0: Grounds into double play, 6-4-3 (Groundball, 6M)
Top of the 1st over - 1 run(s), 2 hit(s), 0 error(s), 0 left on base; Phoenix 1 - Bakersfield 0
BOTTOM OF THE 1ST
Bakersfield Nobles batting - Pitching for Phoenix Hotspur Reserves : RHP Bob Cook
Pitching: RHP Bob Cook
Batting: RHB Ron Gérard 0-0: Called Strike
0-1: SINGLE (Line Drive, 89M)
Batting: LHB Emery Miller 0-0: Ball
Wild Pitch!
Ron Gérard to second
Reached via error on a dropped throw, E3
Ron Gérard to third
Batting: LHB Jake Shelton 0-0: Called Strike
0-1: Ball
1-1: Foul Ball, location: 2F
1-2: Ball
2-2: Fly out, F8 (Flyball, 8LD)
Runner from 3rd tags up, SCORES, no throw
Batting: RHB Vincente Flores 0-0: Ball
1-0: Ball
2-0: Called Strike
2-1: Ball
3-1: Base on Balls
Emery Miller to second
Batting: LHB Mike Russell 0-0: Ball
1-0: Called Strike
1-1: Foul Ball, location: 2F
1-2: 3-RUN HOME RUN (Line Drive, 89XD), Distance : 407 ft
Batting: LHB Luis Velázquez 0-0: Ground out 4-3 (Groundball, 4)
Batting: LHB Ricardo Miranda 0-0: Ball
1-0: Called Strike
1-1: Ball
2-1: Fly out, F6 (Popup, 6D)
Bottom of the 1st over - 4 run(s), 2 hit(s), 1 error(s), 0 left on base; Phoenix 1 - Bakersfield 4
TOP OF THE 2ND
Phoenix Hotspur Reserves batting - Pitching for Bakersfield Nobles : LHP Addie Samson
Batting: SHB Roberto López 0-0: Called Strike
0-1: Ball
1-1: Ball
2-1: Foul Ball, location: 2F
2-2: Ground out 6-3 (Groundball, 6)
Batting: RHB Randy Rehling 0-0: Foul Ball, location: 2F
0-1: Ground out 5-3 (Groundball, 5S)
Batting: RHB Júlio Mateo 0-0: Ball
1-0: Ball
2-0: Swinging Strike
2-1: Ground out 6-3 (Groundball, 6M)
Top of the 2nd over - 0 run(s), 0 hit(s), 0 error(s), 0 left on base; Phoenix 1 - Bakersfield 4
BOTTOM OF THE 2ND
Bakersfield Nobles batting - Pitching for Phoenix Hotspur Reserves : RHP Bob Cook
Batting: RHB Juan Alba 0-0: Called Strike
0-1: Swinging Strike
0-2: Ball
1-2: Strikes out looking
Batting: RHB Luis Jiménez 0-0: SINGLE (Line Drive, 7S)
Batting: RHB Ron Gérard 0-0: SINGLE (Line Drive, 9S)
Luis Jiménez to second
Batting: LHB Emery Miller 0-0: Ball
1-0: Fly out, F5 (Popup, 5S)
Batting: LHB Jake Shelton 0-0: Called Strike
0-1: Called Strike
0-2: Ball
1-2: Foul Ball, location: 2F
1-2: Ball
2-2: Ball
3-2: Base on Balls
Luis Jiménez to third
Ron Gérard to second
Batting: RHB Vincente Flores 0-0: Swinging Strike
0-1: Swinging Strike
0-2: Ball
1-2: Ball
2-2: Foul Ball, location: 2F
2-2: Ball
3-2: TRIPLE (Line Drive, 8RM)
Luis Jiménez scores
Ron Gérard scores
Jake Shelton scores
Batting: LHB Mike Russell 0-0: Ball
1-0: Ground out 6-3 (Groundball, 6M)
Bottom of the 2nd over - 3 run(s), 3 hit(s), 0 error(s), 1 left on base; Phoenix 1 - Bakersfield 7
TOP OF THE 3RD
Phoenix Hotspur Reserves batting - Pitching for Bakersfield Nobles : LHP Addie Samson
Batting: RHB Fernando Rivera 0-0: Swinging Strike
0-1: Fly out, F7 (Line Drive, 7M)
Batting: RHB Alejandro Ibarra 0-0: Bunt for hit - play at first, batter safe!
Batting: RHB Gabriel Pérez 0-0: Ball
1-0: Ball
2-0: Foul Ball, location: 2F
2-1: Grounds into double play, 6-4-3 (Groundball, 6)
Top of the 3rd over - 0 run(s), 1 hit(s), 0 error(s), 0 left on base; Phoenix 1 - Bakersfield 7
BOTTOM OF THE 3RD
Bakersfield Nobles batting - Pitching for Phoenix Hotspur Reserves : RHP Bob Cook
Batting: LHB Luis Velázquez 0-0: Called Strike
0-1: Ball
1-1: SINGLE (Groundball, 56)
Batting: LHB Ricardo Miranda 0-0: Ball
1-0: Ball
2-0: Ball
3-0: Called Strike
3-1: Ground out U3 (Groundball, 3S)
Luis Velázquez to second
Batting: RHB Juan Alba 0-0: Ball
1-0: Foul Ball, location: 2F
1-1: Ball
2-1: Ball
3-1: SINGLE (Popup, 78S)
Luis Velázquez to third
Runner from 3rd tries for Home, SAFE, throw made home
Juan Alba to second
Pitching: RHP Roderick Draper
Batting: RHB Luis Jiménez 0-0: Hit by Pitch
Batting: RHB Ron Gérard 0-0: SINGLE (Line Drive, 4D)
Juan Alba to third
Luis Jiménez to second
Batting: LHB Emery Miller 0-0: Called Strike
0-1: Foul Ball, location: 2F
0-2: Fly out, F7 (Flyball, 7D)
Runner from 3rd tags up, SCORES, no throw
Batting: LHB Jake Shelton 0-0: Ball
1-0: Called Strike
1-1: Ball
2-1: Foul Ball, location: 2F
2-2: Ball
3-2: Fly out, F9 (Line Drive, 89M)
Bottom of the 3rd over - 2 run(s), 3 hit(s), 0 error(s), 2 left on base; Phoenix 1 - Bakersfield 9
TOP OF THE 4TH
Phoenix Hotspur Reserves batting - Pitching for Bakersfield Nobles : LHP Addie Samson
Batting: RHB Ben Anderson 0-0: Called Strike
0-1: Ball
1-1: SINGLE (Flyball, 9S)
Batting: RHB Jorge Gonzáles 0-0: Ball
1-0: Grounds into double play, U6-3 (Groundball, 6)
Batting: RHB Martín Martínez 0-0: Foul Ball, location: 2F
0-1: Called Strike
0-2: Ball
1-2: Strikes out looking
Top of the 4th over - 0 run(s), 1 hit(s), 0 error(s), 0 left on base; Phoenix 1 - Bakersfield 9
BOTTOM OF THE 4TH
Bakersfield Nobles batting - Pitching for Phoenix Hotspur Reserves : RHP Roderick Draper
Batting: RHB Vincente Flores 0-0: Swinging Strike
0-1: SINGLE (Line Drive, 89M)
Batting: LHB Mike Russell 0-0: Ball
1-0: Ball
2-0: SINGLE (Line Drive, 56)
Vincente Flores to second
Batting: LHB Luis Velázquez 0-0: Ball
1-0: Ball
2-0: Called Strike
2-1: Fly out, F7 (Flyball, 7LS)
Batting: LHB Ricardo Miranda 0-0: Fielders Choice at 2nd, 6-4 (Groundball, 6M)
Vincente Flores to third
Batting: RHB Juan Alba 0-0: 3-RUN HOME RUN (Flyball, 7LD), Distance : 347 ft
Batting: RHB Luis Jiménez 0-0: Ball
1-0: Ball
2-0: Ball
3-0: Called Strike
3-1: Ground out 1-3 (Groundball, 13S)
Bottom of the 4th over - 3 run(s), 3 hit(s), 0 error(s), 0 left on base; Phoenix 1 - Bakersfield 12
TOP OF THE 5TH
Phoenix Hotspur Reserves batting - Pitching for Bakersfield Nobles : LHP Addie Samson
Batting: SHB Roberto López 0-0: Ball
1-0: Ball
2-0: Called Strike
2-1: Swinging Strike
2-2: Strikes out swinging
Batting: RHB Randy Rehling 0-0: Called Strike
0-1: Ground out 4-3 (Groundball, 4)
Batting: RHB Júlio Mateo 0-0: Called Strike
0-1: SINGLE (Groundball, 34)
Batting: RHB Fernando Rivera 0-0: Called Strike
0-1: Ball
1-1: Ball
2-1: DOUBLE (Groundball, 5L)
Júlio Mateo to third
Batting: RHB Alejandro Ibarra 0-0: Ball
1-0: Called Strike
1-1: Foul Ball, location: 2F
1-2: Ball
2-2: Ball
3-2: Strikes out swinging
Top of the 5th over - 0 run(s), 2 hit(s), 0 error(s), 2 left on base; Phoenix 1 - Bakersfield 12
BOTTOM OF THE 5TH
Bakersfield Nobles batting - Pitching for Phoenix Hotspur Reserves : RHP Roderick Draper
Batting: RHB Ron Gérard 0-0: Foul Ball, location: 2F
0-1: Ball
1-1: Ball
2-1: Ground out 1-3 (Groundball, 15)
Batting: LHB Emery Miller 0-0: Ball
1-0: Foul Ball, location: 2F
1-1: Swinging Strike
1-2: Ball
2-2: Reached on error, E3 (Groundball, 3L)
Batting: LHB Jake Shelton 0-0: Ball
1-0: Ball
Emery Miller steals 2nd base
2-0: Ball
3-0: Fly out, F9 (Flyball, 89S)
Batting: RHB Vincente Flores 0-0: Called Strike
0-1: Ball
1-1: Ball
2-1: 2-RUN HOME RUN (Line Drive, 7LD), Distance : 359 ft
Pitching: RHP Richard Carlson
Batting: LHB Mike Russell 0-0: Fly out, F3 (Popup, 13)
Bottom of the 5th over - 2 run(s), 1 hit(s), 1 error(s), 0 left on base; Phoenix 1 - Bakersfield 14
TOP OF THE 6TH
Phoenix Hotspur Reserves batting - Pitching for Bakersfield Nobles : LHP Addie Samson
Batting: RHB Gabriel Pérez 0-0: Ground out 5-3 (Groundball, 56)
Batting: RHB Ben Anderson 0-0: Ground out 4-3 (Groundball, 34)
Batting: RHB Jorge Gonzáles 0-0: Swinging Strike
0-1: Ground out 6-3 (Groundball, 56)
Top of the 6th over - 0 run(s), 0 hit(s), 0 error(s), 0 left on base; Phoenix 1 - Bakersfield 14
BOTTOM OF THE 6TH
Bakersfield Nobles batting - Pitching for Phoenix Hotspur Reserves : RHP Richard Carlson
Batting: LHB Luis Velázquez 0-0: Ball
1-0: Reached on error, E4 (Groundball, 4)
Batting: LHB Ricardo Miranda 0-0: Ball
1-0: Sac Bunt - play at first, batter OUT! 1-4
Luis Velázquez to second
Batting: RHB Juan Alba 0-0: Swinging Strike
0-1: Fly out, F9 (Flyball, 9M)
Batting: RHB Luis Jiménez 0-0: Ground out 6-3 (Groundball, 6)
Bottom of the 6th over - 0 run(s), 0 hit(s), 1 error(s), 1 left on base; Phoenix 1 - Bakersfield 14
TOP OF THE 7TH
Phoenix Hotspur Reserves batting - Pitching for Bakersfield Nobles : LHP Addie Samson
Batting: RHB Martín Martínez 0-0: Ball
1-0: Fly out, F3 (Line Drive, 3S)
Batting: SHB Roberto López 0-0: Swinging Strike
0-1: SINGLE (Line Drive, 4D)
Batting: RHB Randy Rehling 0-0: Ball
Pickoff Throw to First - Out!
1-0: Called Strike
1-1: Swinging Strike
1-2: Reached on error, E6 (Groundball, 6M)
Batting: RHB Júlio Mateo 0-0: Fly out, F7 (Line Drive, 7M)
Top of the 7th over - 0 run(s), 1 hit(s), 1 error(s), 1 left on base; Phoenix 1 - Bakersfield 14
BOTTOM OF THE 7TH
Bakersfield Nobles batting - Pitching for Phoenix Hotspur Reserves : RHP Richard Carlson
Batting: RHB Ron Gérard 0-0: Ball
1-0: Foul Ball, location: 2F
1-1: Foul Ball, location: 2F
1-2: Foul Ball, location: 2F
1-2: Ground out 6-3 (Groundball, 6MS)
Batting: LHB Emery Miller 0-0: Called Strike
0-1: Foul Ball, location: 2F
0-2: Ball
1-2: Ground out 5-3 (Groundball, 5)
Batting: LHB Jake Shelton 0-0: Ball
1-0: Ground out 1-3 (Groundball, 15S)
Bottom of the 7th over - 0 run(s), 0 hit(s), 0 error(s), 0 left on base; Phoenix 1 - Bakersfield 14
TOP OF THE 8TH
Phoenix Hotspur Reserves batting - Pitching for Bakersfield Nobles : LHP Addie Samson
Batting: RHB Fernando Rivera 0-0: Ball
1-0: Ball
2-0: Fly out, F8 (Flyball, 8LM)
Batting: RHB Alejandro Ibarra 0-0: Ball
1-0: Ball
2-0: Swinging Strike
2-1: Called Strike
2-2: Strikes out looking
Batting: RHB Gabriel Pérez 0-0: Called Strike
0-1: Foul Ball, location: 2F
0-2: Ball
1-2: Ball
2-2: Ground out 1-3 (Groundball, 15S)
Top of the 8th over - 0 run(s), 0 hit(s), 0 error(s), 0 left on base; Phoenix 1 - Bakersfield 14
BOTTOM OF THE 8TH
Bakersfield Nobles batting - Pitching for Phoenix Hotspur Reserves : RHP Richard Carlson
Batting: RHB Vincente Flores 0-0: Ball
1-0: Foul Ball, location: 2F
1-1: Ball
2-1: Foul Ball, location: 2F
2-2: Fly out, F8 (Flyball, 8RM)
Batting: LHB Mike Russell 0-0: Called Strike
0-1: Foul Ball, location: 2F
0-2: SINGLE (Line Drive, 89S)
Batting: LHB Luis Velázquez 0-0: Ball
1-0: 2-RUN HOME RUN (Flyball, 8RXD), Distance : 436 ft
Batting: LHB Ricardo Miranda 0-0: Ground out 4-3 (Groundball, 4)
Pinch Hitting: LHB Markus Richardson 0-0: Ball
1-0: Called Strike
1-1: Foul Ball, location: 2F
1-2: Foul Ball, location: 2F
1-2: Fly out, F8 (Flyball, 8LS)
Bottom of the 8th over - 2 run(s), 2 hit(s), 0 error(s), 0 left on base; Phoenix 1 - Bakersfield 16
TOP OF THE 9TH
Phoenix Hotspur Reserves batting - Pitching for Bakersfield Nobles : LHP Addie Samson
Now at 3B: Jim Unknown
Batting: RHB Ben Anderson 0-0: Foul Ball, location: 2F
0-1: Swinging Strike
0-2: Ball
1-2: Ball
2-2: Reached on error, E5 (Groundball, 56)
Batting: RHB Jorge Gonzáles 0-0: Ball
1-0: Called Strike
1-1: Ball
2-1: Ball
3-1: Base on Balls
Batting: RHB Martín Martínez 0-0: Swinging Strike
0-1: Ball
1-1: Foul Ball, location: 2F
1-2: Ball
2-2: Ball
3-2: Foul Ball, location: 2F
3-2: Strikes out swinging
Batting: SHB Roberto López 0-0: Fly out, F3 (Popup, 3F)
Batting: RHB Randy Rehling 0-0: Called Strike
0-1: Swinging Strike
0-2: Ball
1-2: Ball
2-2: Fielders Choice at 2nd, U6 (Groundball, 6M)
Top of the 9th over - 0 run(s), 0 hit(s), 1 error(s), 2 left on base; Phoenix 1 - Bakersfield 16
This league is powered by Out of the Park Baseball, the baseball management simulation game for PC, Mac and Linux
Friday, April 15th, 2016 - OOTP Baseball 16.9 Build 39